Map: Central Protocol

Players

State

  • Race: Protoss Protoss

Elazer - Winner!

  • Race: Zerg Zerg
  • League: Grandmaster

Event: DreamHack ZOWIE Open Leipzig

VOD

Have the link to the VOD?

Description

Time

  • Played on: Jan. 22, 2016, 11:39 a.m.
  • Length: 15:06

All games in this series

Show
View Real Time Build Order
Export as new Build Order

State Protoss 

Build Orders: 1 Gate Expand, Zealot Archon, Dark Templar Rush 

Get SALT Encoding   

  12  0:01  Probe (Chrono Boost)  
  13  0:11  Probe (Chrono Boost)  
  14  0:19  Pylon  
  14  0:22  Probe (Chrono Boost)  
  15  0:37  Probe (Chrono Boost)  
  15  0:39  Gateway  
  16  0:44  Assimilator  
  16  0:47  Probe (Chrono Boost)  
  17  0:58  Probe (Chrono Boost)  
  18  1:08  Probe (Chrono Boost)  
  19  1:22  Nexus  
  20  1:25  Probe (Chrono Boost)  
  20  1:37  Cybernetics Core  
  20  1:40  Probe (Chrono Boost)  
  21  1:49  Assimilator  
  21  1:51  Probe (Chrono Boost)  
  22  1:58  Pylon  
  23  2:01  Probe (Chrono Boost)  
  23  2:14  Warp Gate  
  23  2:16  Stalker (Chrono Boost), Probe  
  26  2:27  Robotics Facility  
  26  2:30  Probe  
  26  2:33  Probe  
  28  2:42  Probe  
  28  2:44  Adept (Chrono Boost)  
  31  2:45  Probe  
  32  2:55  Probe x2  
  34  3:03  Twilight Council  
  34  3:07  Probe (Chrono Boost)  
  34  3:10  Mothership Core (Chrono Boost)  
  37  3:17  Pylon  
  37  3:18  Probe (Chrono Boost)  
  38  3:26  Warp Prism (Chrono Boost)  
  39  3:28  Probe  
  39  3:29  Probe  
  42  3:42  Gateway  
  42  3:44  Probe  
  42  3:47  Probe  
  42  3:48  Dark Shrine  
  42  3:52  Pylon  
  43  3:59  Gateway  
  43  4:00  Probe  
  44  4:04  Probe  
  44  4:09  Observer (Chrono Boost)  
  45  4:12  Probe  
  45  4:17  Probe, Gateway  
  48  4:25  Gateway  
  48  4:27  Probe, Pylon  
  48  4:30  Probe  
  50  4:34  Assimilator  
  50  4:39  Probe  
  50  4:41  Assimilator  
  50  4:43  Gateway  
  50  4:44  Probe  
  52  4:53  Probe  
  52  4:56  Probe  
  54  5:00  Dark Templar x2  
  54  5:03  Dark Templar  
  54  5:06  Probe  
  61  5:08  Probe  
  61  5:14  Immortal  
  66  5:18  Probe  
  67  5:21  Zealot  
  67  5:30  Dark Templar  
  67  5:35  Charge  
  69  5:46  Probe  
  69  5:49  Pylon x2  
  70  5:51  Pylon  
  70  5:52  Pylon  
  70  5:56  Forge  
  70  5:59  Gateway  
  70  6:00  Pylon  
  70  6:05  Immortal  
  74  6:12  Zealot x6  
  74  6:14  Archon x2  
  74  6:18  Probe x2  
  88  6:30  Protoss Ground Weapons Level 1 (Chrono Boost)  
  88  6:37  Nexus  
  88  6:39  Adept x2  
  92  6:40  Pylon  
  92  6:42  Dark Templar x2  
  92  6:45  Zealot x4  
  96  6:47  Immortal  
  100  6:54  Probe  
  100  6:55  Probe  
  100  7:00  Sentry x2  
  106  7:07  Probe x2  
  108  7:11  Dark Templar x2, Zealot  
  114  7:19  Probe x2  
  116  7:28  Immortal, Zealot x3  
  118  7:32  Archon  
  118  7:39  Probe x2  
  118  7:43  Pylon  
  116  7:45  Pylon  
  116  7:47  Pylon  
  112  7:53  Dark Templar x2  
  112  7:56  Zealot x2  
  109  8:01  Archon  
  109  8:02  Zealot x2  
  113  8:05  Zealot  
  113  8:12  Immortal  
  109  8:13  Probe  
  103  8:20  Zealot x2  
  103  8:25  Zealot x2  
  110  8:30  Dark Templar x2  
  110  8:34  Dark Templar  
  115  8:48  Immortal  
  111  8:51  Robotics Bay  
  113  9:08  Nexus  
  113  9:16  Sentry  
  115  9:17  Sentry  
  115  9:23  Pylon  
  117  9:25  Pylon  
  117  9:27  Pylon  
  117  9:35  Protoss Ground Weapons Level 2 (Chrono Boost)  
  117  9:36  Disruptor  
  117  9:41  Mothership Core  
  122  10:02  Zealot x3  
  122  10:06  Blink  
  128  10:11  Zealot x2  
  128  10:12  Zealot x2  
  139  10:17  Observer  
  129  10:37  Pylon  
  129  10:38  Pylon  
  129  10:40  Pylon  
  129  10:42  Pylon  
  125  10:44  Pylon  
  118  10:53  Disruptor  
  112  11:00  Dark Templar  
  112  11:01  Dark Templar x3  
  112  11:02  Zealot  
  125  11:05  Probe  
  100  11:24  Stalker  
  99  11:30  Gateway  
  99  11:32  Gateway  
  90  11:41  Stalker  
  90  11:47  Gateway  
  90  11:50  Gateway  
  90  11:53  Gateway  
  79  11:57  Probe, Disruptor  
  74  12:02  Dark Templar  
  74  12:05  Probe  
  60  12:09  Probe  
  60  12:10  Dark Templar  
  59  12:17  Probe  
  60  12:26  Pylon  
  54  12:35  Pylon  
  52  12:37  Pylon  
  52  12:46  Pylon  
  52  12:48  Pylon  
  52  12:49  Disruptor  
  55  13:01  Dark Templar  
  55  13:09  Stalker x2  
  59  13:25  Dark Templar, Observer  
  58  13:59  Zealot  
  58  14:02  Observer  
  59  14:08  Zealot  
  58  14:19  Zealot  
Show
View Real Time Build Order
Export as new Build Order

Elazer Zerg - Winner!

Build Orders: Hatch First, Lurkers, Roach Hydra Lurker 

Get SALT Encoding   

  12  0:00  Drone  
  13  0:12  Overlord  
  13  0:16  Drone  
  14  0:30  Drone x2  
  14  0:34  Drone  
  17  0:52  Hatchery  
  17  0:54  Drone  
  17  0:57  Drone  
  18  1:08  Extractor  
  17  1:13  Spawning Pool  
  17  1:15  Drone  
  17  1:19  Drone  
  18  1:27  Drone  
  19  1:38  Overlord  
  19  1:49  Drone  
  20  2:00  Drone  
  21  2:01  Queen  
  21  2:03  Queen  
  21  2:04  Zergling x2  
  26  2:08  Metabolic Boost  
  26  2:11  Drone  
  27  2:17  Drone  
  28  2:27  Drone x2  
  30  2:34  Drone  
  32  2:37  Drone  
  32  2:42  Queen  
  34  2:48  Hatchery  
  34  2:49  Overlord  
  33  2:58  Drone x2  
  35  3:02  Drone  
  36  3:12  Drone x3  
  38  3:13  Drone x2  
  38  3:17  Overlord  
  40  3:24  Drone x3  
  43  3:31  Overlord  
  43  3:33  Extractor  
  42  3:34  Roach Warren  
  42  3:35  Drone  
  42  3:42  Zergling x6  
  42  3:45  Drone  
  46  3:49  Drone  
  46  3:52  Drone x2  
  46  3:53  Overlord  
  46  3:54  Drone, Extractor  
  49  4:02  Drone x2  
  51  4:04  Overlord  
  51  4:20  Lair  
  51  4:21  Drone x3  
  54  4:25  Spore Crawler  
  54  4:26  Spore Crawler x2, Drone  
  54  4:27  Drone  
  54  4:28  Drone x3  
  54  4:29  Drone x2  
  54  4:30  Drone  
  59  4:35  Drone  
  59  4:36  Drone x2  
  59  4:37  Overlord  
  61  4:41  Drone  
  61  4:42  Drone  
  63  4:49  Drone x2  
  63  4:51  Extractor x2  
  63  4:54  Overlord  
  63  4:55  Roach  
  63  4:56  Roach x2  
  63  4:58  Roach x3  
  75  5:01  Roach  
  75  5:05  Roach x2  
  80  5:17  Drone x3  
  83  5:28  Overseer  
  81  5:29  Drone x8  
  88  5:41  Drone x2  
  88  5:42  Hydralisk Den  
  89  5:48  Hatchery, Glial Reconstitution  
  89  5:49  Drone  
  89  5:51  Drone x3, Extractor  
  91  6:03  Overlord x2  
  91  6:11  Muscular Augments  
  91  6:12  Overlord  
  91  6:18  Spine Crawler  
  90  6:19  Spine Crawler  
  90  6:23  Hydralisk x7  
  103  6:28  Hydralisk x2  
  103  6:31  Hydralisk  
  109  6:33  Ravager  
  109  6:34  Ravager  
  109  6:39  Overlord  
  111  6:41  Ravager  
  111  6:43  Roach  
  114  6:49  Overlord x2  
  114  6:51  Hydralisk  
  116  6:57  Hydralisk x2  
  120  7:06  Roach  
  120  7:07  Roach x4  
  130  7:12  Hydralisk x2  
  129  7:23  Roach x3  
  129  7:24  Roach x3  
  139  7:31  Overlord  
  139  7:32  Spore Crawler  
  139  7:34  Drone x3  
  139  7:35  Drone  
  140  7:38  Hydralisk x2  
  142  7:45  Overlord  
  142  7:48  Roach x2  
  146  7:54  Lurker Den  
  146  7:56  Queen  
  146  7:57  Drone  
  149  7:58  Drone x2  
  149  7:59  Drone  
  149  8:02  Ravager x2  
  142  8:13  Roach x6  
  151  8:24  Hydralisk x3  
  151  8:25  Hydralisk  
  154  8:31  Queen  
  153  8:34  Hydralisk x4  
  153  8:39  Overlord  
  155  8:43  Drone  
  155  8:44  Drone x2  
  155  8:55  Roach x2  
  155  8:56  Roach  
  156  9:03  Overseer  
  156  9:04  Overlord  
  156  9:08  Drone x3  
  156  9:09  Drone  
  160  9:13  Overseer  
  160  9:14  Hatchery  
  160  9:16  Hydralisk x3  
  165  9:25  Roach x4  
  165  9:31  Overlord  
  173  9:33  Lurker x4  
  177  9:39  Lurker  
  178  9:52  Roach x3  
  186  9:53  Roach  
  186  9:54  Overlord x2  
  184  10:02  Lurker x2  
  186  10:12  Pneumatized Carapace  
  184  10:21  Roach x2  
  184  10:22  Roach x3  
  194  10:34  Roach  
  194  10:35  Roach x2  
  185  11:12  Overseer  
  168  11:22  Roach x4  
  168  11:23  Roach x2  
  157  11:28  Hydralisk x3  
  141  11:41  Roach x3  
  141  11:46  Queen  
  145  12:00  Hydralisk x6  
  134  12:05  Hydralisk x3  
  137  12:16  Hydralisk x5  
  137  12:17  Hydralisk  
  140  12:23  Hatchery  
  140  12:27  Queen  
  129  12:31  Drone x3  
  129  12:33  Lurker  
  129  12:34  Lurker x2  
  132  12:46  Roach  
  132  12:47  Roach x5  
  144  12:54  Lurker x7  
  151  13:00  Roach x4  
  159  13:10  Hydralisk x3  
  163  13:14  Hatchery  
  162  13:21  Drone x2, Infestation Pit  
  162  13:23  Hydralisk x3  
  163  13:51  Hydralisk x4  
  171  13:56  Hatchery, Drone x3  
  171  13:57  Drone x6  
  173  14:09  Roach x6  
  183  14:16  Lurker  
  184  14:17  Lurker  
  181  14:24  Spire  
  181  14:29  Hydralisk x5  
  184  14:41  Hydralisk x3  
  184  14:44  Drone  
  184  14:45  Drone x2  

Tags
 
Add a new tag
Caveats
  • Supply blocks, unpowered buildings, or Contaminate may cause inaccurate times.
  • Supply counts are checked every 10 seconds.